 Dungeon Crawl Stone Soup version 0.18.1-50-g88ac8fd (webtiles) character file.

56 Kirkhe the Sneak (level 3, 0/21 HPs)
             Began as an Octopode Enchanter on Oct 11, 2016.
             Succumbed to an adder's poison
             ... on level 2 of the Dungeon.
             The game lasted 00:02:26 (1236 turns).

Kirkhe the Sneak (Octopode Enchanter)               Turns: 1236, Time: 00:02:27

Health: 0/21       AC:  1    Str:  5 (7)  XL:     3   Next: 95%
Magic:  6/6        EV: 11    Int: 16 (18) God:
Gold:   44         SH:  0    Dex:  6 (8)  Spells: 1 memorised, 5 levels left

rFire  + . .     SeeInvis .     a - +1 dagger
rCold  + . .     Gourm    .     (no shield)
rNeg   . . .     Faith    .     (helmet restricted)
rPois  +         Spirit   .     (no amulet)
rElec  +         Dismiss  .     h - ring of protection from magic
rCorr  +         Reflect  .     j - -4 ring of dexterity (curse)
SustAt .         Harm     .     (no ring)
MR     +....                    (no ring)
Stlth  ++++......               (no ring)
                                (no ring)
                                (no ring)
                                (no ring)

@: lethally poisoned (0 -> -16), resistant, drained, somewhat resistant to
hostile enchantments, stealthy
A: almost no armour, amphibious, 8 rings, constrict 8, camouflage 1, gelatinous
body 1
a: no special abilities


You were on level 2 of the Dungeon.
You were not hungry.

You visited 1 branch of the dungeon, and saw 2 of its levels.

You collected 44 gold pieces.

Inventory:

Hand Weapons
 a - a +1 dagger (weapon)
 d - a +1 whip of draining
Missiles
 e - 15 poisoned needles
Armour
 m - a +0 large shield
Jewellery
 h - a ring of protection from magic (left tentacle)
 j - a cursed -4 ring of dexterity (right tentacle)
Books
 b - a book of Maledictions

   Spells                             Type                      Level
   a - Corona                         Hexes                        1
   b - Ensorcelled Hibernation        Hexes/Ice                    2
   c - Confuse                        Hexes                        3
   d - Tukima's Dance                 Hexes                        3
   e - Dazzling Spray                 Conjuration/Hexes            3
Comestibles
 c - a bread ration
 k - a meat ration


   Skills:
 + Level 1.2(1.1) Short Blades
 - Level 2.0(1.9) Dodging
 + Level 5.5 Stealth
 + Level 2.1(2.0) Spellcasting
 + Level 3.6(3.5) Hexes


You had 5 spell levels left.
You knew the following spells:

 Your Spells              Type           Power        Failure   Level  Hunger
a - Corona                Hex            ##.....      6%          1    #......


Dungeon Overview and Level Annotations

Branches:
Dungeon (2/15)

Altars:
Ashenzari


Innate Abilities, Weirdness & Mutations

You cannot wear most types of armour.
You are amphibious.
You can wear up to eight rings at the same time.
You can use your tentacles to constrict eight enemies at once.
Your skin changes colour to match your surroundings (Stealth).
Your rubbery body absorbs attacks (AC +1).


Message History

* * * LOW HITPOINT WARNING * * *
Unknown command.
Drink which item? (? for menu, Esc to quit)
It was a potion of resistance.
You feel protected.
* * * LOW HITPOINT WARNING * * *
You feel sick.
The adder stops glowing.
The giant cockroach bites you.
* * * LOW HITPOINT WARNING * * *
The adder barely misses you.
Unknown command.
Drink which item? (? for menu, Esc to quit)
It was a potion of degeneration.
There was something very wrong with that liquid.
You feel weakened.
You feel dopey.
You feel clumsy.
* * * LOW HITPOINT WARNING * * *
You feel sick. The adder barely misses you.
The giant cockroach closely misses you.
You miss the adder. Your grab misses the adder.
The adder is severely wounded.
You die...

..........###+#.# #
#.# ..........#.###
#.####.#...........
#.....)............
#.####.#..###.##### #
#.# ##........# .
#$#.##.#.#....... ..
#...........###.##.##
##..@s............. .
##..S.....###..## #
)..##...#.# ..# #
###.. ...... #..
...... ### ..#.#
<.#.# .#


You could see an adder and a giant cockroach.

Vanquished Creatures
  Jessica (D:2)
  2 giant geckos
  2 giant cockroaches (D:1)
  2 goblins (D:1)
  3 hobgoblins (D:1)
  4 jackals (D:1)
  3 bats
  3 giant newts (D:1)
  6 kobolds (D:1)
26 creatures vanquished.

Notes
Turn   | Place    | Note
--------------------------------------------------------------
     0 | D:1      | Kirkhe the Octopode Enchanter began the quest for the Orb.
     0 | D:1      | Reached XP level 1. HP: 11/11 MP: 3/3
   216 | D:1      | Reached XP level 2. HP: 3/17 MP: 3/5
   653 | D:1      | Found a shattered altar of Ashenzari.
   905 | D:1      | Reached XP level 3. HP: 15/21 MP: 4/6
  1069 | D:1      | Reached skill level 5 in Stealth
  1208 | D:2      | Noticed Jessica
  1215 | D:2      | Killed Jessica
  1235 | D:2      | HP: 1/21 [poisoned by an adder]
  1236 | D:2      | Succumbed to an adder's poison

Skill      XL: |  1  2  3 |
---------------+----------+-----
Stealth        | 5 |  5.5
Short Blades   | |  1.2
Dodging        | |  2.0
Spellcasting   | |  2.1
Hexes          | |  3.6

Action                   || total
-------------------------++-------
Melee: Dagger            ||    72
       Tentacles         ||    10
       Constrict         ||    13
 Cast: Corona            ||    10
  Use: Potion            ||     4
       Scroll            ||     4
 Stab: Sleeping          ||     7
  Eat: Chunk             ||     1
Armor: Skin              ||     5
Dodge: Dodged            ||    29
